 Dungeon Crawl Stone Soup version 0.30.1 (webtiles) character file.

Game seed: 13063862180438508916

9 7w4c the Caller (level 2, -1/19 HPs)
             Began as a Merfolk Summoner on July 13, 2023.
             Frozen to death by an endoplasm (4 damage)
             ... on level 1 of the Dungeon.
             The game lasted 00:01:19 (372 turns).

7w4c the Caller (Merfolk Summoner)                   Turns: 372, Time: 00:01:19

Health: -1/19      AC:  2    Str:  8    XL:     2   Next: 16%
Magic:  5/5        EV: 12    Int: 14    God:
Gold:   22         SH:  0    Dex: 14    Spells: 4/5 levels left

rFire   . . .        d - +0 club
rCold   . . .        (no shield)
rNeg    . . .        a - +0 robe
rPois   .            (no helmet)
rElec   .            (no cloak)
rCorr   .            (no gloves)
SInv    .            (no boots)
Will    .....        (no amulet)
Stlth   ++           (no ring)
HPRegen 0.23/turn    (no ring)
MPRegen 0.09/turn

%: no passive effects
@: no status effects
A: (nimble swimmer 2), mertail
a: no special abilities


You were on level 1 of the Dungeon.
You visited 1 branch of the dungeon, and saw 1 of its levels.

You collected 22 gold pieces.

Inventory:

Hand Weapons
 d - a +0 club (weapon)
Armour
 a - a +0 robe (worn)
Scrolls
 c - a scroll of magic mapping {unknown}
Potions
 b - a potion of magic


   Skills:
 + Level 2.6 Dodging
 + Level 2.1 Stealth
 + Level 2.0 Spellcasting
 + Level 4.5 Summonings


You had 4 spell levels left.
You knew the following spells:

 Your Spells              Type           Power      Damage    Failure   Level
a - Summon Small Mammal   Summ           56%        N/A       3%          1

Your spell library contained the following spells:

 Spells                   Type           Power      Damage    Failure   Level
 Call Imp                 Summ           28%        N/A       5%          2
 Call Canine Familiar     Summ           14%        N/A       11%         3
 Summon Guardian Golem    Hex/Summ       7%         N/A       28%         3
 Summon Lightning Spire   Summ/Air       7%         N/A       67%         4


Dungeon Overview and Level Annotations

Branches:
Dungeon (1/15)

Altars:


Innate Abilities, Weirdness & Mutations

((You are very nimble when in or above water. (Stealth+, EV+, Speed+++)))
Your lower body shifts to a powerful aquatic tail in water.


Message History

Your quokka bites the kobold but does no damage.
Your quokka disappears in a puff of smoke!
The kobold hits your quokka with a +0 dagger.
Your quokka bites the kobold but does no damage.
The kobold throws a stone.
The stone closely misses your quokka. The stone barely misses you.
Your quokka bites the kobold.
The kobold barely misses your quokka.
Your quokka bites the kobold.
The kobold dies!
You swap places.
Things that are here:
a +0 dagger; 3 stones
There is a stone staircase leading down here.
Your quokka disappears in a puff of smoke!
A hobgoblin comes into view.
Found a stone staircase leading down.
Found a stone staircase leading down.
The hobgoblin shouts!
An endoplasm comes into view.
The hobgoblin barely misses you.
You hit the hobgoblin but do no damage. The hobgoblin hits you.
You hit the hobgoblin.
The hobgoblin is almost dead.
The hobgoblin hits you. x2
You hit the hobgoblin but do no damage.
The hobgoblin is almost dead.
The hobgoblin hits you.
You hit the hobgoblin.
You kill the hobgoblin!
The endoplasm freezes you.
You are frozen.
* * * LOW HITPOINT WARNING * * *
You see here a hobgoblin corpse.
You completely miss the endoplasm.
The endoplasm hits you but does no damage.
The endoplasm misses you.
You hit the endoplasm but do no damage. The endoplasm misses you.
You hit the endoplasm but do no damage. The endoplasm freezes you.
You are frozen.
You die...

### ..# #######
#.# ## #..... ..
...> #. #..# # #.#
#..# ...
#.###..######...##
#.........@J...>..
#..###.######...##
#..# #.# ##
#..###.# #...##..
###...####
#.......#
#####.......#
............#


You could see an endoplasm.

Vanquished Creatures
  A hobgoblin (D:1)
1 creature vanquished.

Vanquished Creatures (collateral kills)
  2 ball pythons (D:1)
  A giant cockroach (D:1)
  A goblin (D:1)
  A kobold (D:1)
  A bat (D:1)
  2 rats (D:1)
8 creatures vanquished.

Grand Total: 9 creatures vanquished

Notes
Turn   | Place    | Note
-------+----------+-------------------------------------------
     0 | D:1      | 7w4c the Merfolk Summoner began the quest for the Orb.
     0 | D:1      | Reached XP level 1. HP: 13/13 MP: 3/3
   246 | D:1      | Reached XP level 2. HP: 19/19 MP: 1/5
   372 | D:1      | Frozen to death by an endoplasm

Illustrated notes

Levels and vault maps discovered:
D:1:      scummos_arrival_simple_fountains, layout_loops_ring,
          columned_hall_lemuel

Action                     || total
---------------------------++-------
  Melee: Club              ||     7
   Cast: Summon Small Mamm ||    14
    Use: Potion            ||     1
 Armour: Robe              ||     2
  Dodge: Dodged            ||     8
